 Dungeon Crawl Stone Soup version 0.24-a0-446-g87df7205b4 (webtiles) character file.

Game seed: 6720100696355205997

256260 Krouwed the Fencer (level 20, -11/114 HPs)
             Began as a Human Fighter on June 23, 2019.
             Was an Elder of the Shining One.
             Mangled by a bone dragon (19 damage)
             ... on level 3 of the Abyss on June 24, 2019.
             The game lasted 03:04:54 (45621 turns).

Krouwed the Fencer (Human Fighter)                 Turns: 45621, Time: 03:04:55

Health: -11/114    AC: 28    Str: 21 (22) XL:     20   Next: 60%
Magic:  0/29       EV:  8    Int:  9      God:    the Shining One [****..]
Gold:   2504       SH: 21    Dex: 14      Spells: 19/19 levels left

rFire    + . .     SeeInvis .   T - +8 long sword (elec)
rCold    + . .     Gourm    .   s - +1 large shield
rNeg     + + .     Faith    .   R - +2 plate armour {rC+}
rPois    +         Spirit   +   x - +0 helmet
rElec    .         Reflect  .   U - +2 cloak
rCorr    +         Harm     .   N - +2 pair of gloves
MR       +++..     Rnd*Rage +   (no boots)
Stlth    ..........             j - amulet of guardian spirit
HPRegen  0.29/turn              Z - ring "Vuykhaum" {rPois rF+ MR+ rCorr Stlth-}
MPRegen  0.21/turn              C - ring of protection from magic

@: about to teleport, glowing, lightly drained
A: [berserk 2], [deterioration 1], [frail 3], [screaming 1], [weak 1], [no
potion heal 3], [subdued magic 1]
}: 2/15 runes: decaying, serpentine
a: Divine Shield, Cleansing Flame, Renounce Religion


You were on level 3 of the Abyss.
You worshipped the Shining One.
The Shining One was greatly pleased with you.
You were not hungry.

You visited 6 branches of the dungeon, and saw 32 of its levels.
You visited the Abyss 1 time.
You also visited: Ice Cave.

You collected 2904 gold pieces.
You spent 400 gold pieces at shops.

Inventory:

Hand Weapons
 w - a +4 scimitar of venom
 P - a +8 scimitar of flaming
 T - a +8 long sword of electrocution (weapon)
Missiles
 y - 4 atropa-tipped darts
 L - 2 throwing nets
 Q - 83 poisoned darts (quivered)
Armour
 s - a +1 large shield (worn)
 x - a +0 helmet (worn)
 N - a +2 pair of gloves (worn)
 R - a +2 plate armour of cold resistance (worn)
 U - a +2 cloak (worn)
Jewellery
 j - an amulet of guardian spirit (around neck)
 l - an uncursed ring of protection from cold
 n - an uncursed ring of protection from fire
 C - a ring of protection from magic (right hand)
 K - an uncursed ring of wizardry
 O - an uncursed ring of protection from magic
 Z - the ring "Vuykhaum" (left hand) {rPois rF+ MR+ rCorr Stlth-}
   (You found it on level 1 of the Swamp)

   [ring of resist corrosion]

   It protects you from fire.
   It protects you from poison.
   It affects your resistance to hostile enchantments.
   It provides partial protection from all sources of acid and corrosion.
   It makes you less stealthy.
Wands
 c - a wand of digging (15)
 m - a wand of scattershot (6)
 t - a wand of enslavement (13)
 B - a wand of flame (50)
 E - a wand of paralysis (4)
 G - a wand of acid (7)
 I - a wand of polymorph (38)
 S - a wand of iceblast (7)
 X - a wand of disintegration (23)
Scrolls
 b - 4 scrolls of enchant armour
 g - 4 scrolls of magic mapping
 h - 11 scrolls of remove curse
 i - 15 scrolls of teleportation
 p - 3 scrolls of amnesia
 u - 3 scrolls of identify
 v - 3 scrolls of immolation
 F - a scroll of fear
 M - 2 scrolls of vulnerability
Potions
 a - 4 potions of ambrosia
 d - 6 potions of brilliance
 e - 9 potions of flight
 k - 2 potions of cancellation
 z - 2 potions of lignification
 A - 2 potions of mutation
 H - 6 potions of curing
Miscellaneous
 D - a phial of floods
Comestibles
 f - 22 rations


   Skills:
 + Level 15.7(15.3) Fighting
 - Level 16.3(15.8) Long Blades
 + Level 15.8(15.3) Armour
 - Level 7.0(6.6) Dodging
 + Level 15.7(15.2) Shields
 + Level 12.9(12.5) Invocations
 - Level 6.1(5.7) Evocations


You had 19 spell levels left.
You didn't know any spells.
Your spell library contained the following spells:

 Spells                   Type           Power        Failure   Level  Hunger
 Animate Skeleton         Necr           N/A          100%        1    ##.....
 Apportation              Tloc           #.....       100%        1    ##.....
 Beastly Appendage        Tmut           #.....       100%        1    ##.....
 Confusing Touch          Hex            #.....       100%        1    ##.....
 Corona                   Hex            #......      100%        1    ##.....
 Flame Tongue             Conj/Fire      #....        100%        1    ##.....
 Infusion                 Chrm           #...         100%        1    ##.....
 Magic Dart               Conj           #...         100%        1    ##.....
 Pain                     Necr           #...         100%        1    ##.....
 Sandblast                Erth           #.....       100%        1    ##.....
 Summon Butterflies       Summ           #.......     100%        1    ##.....
 Summon Small Mammal      Summ           #...         100%        1    ##.....
 Blink                    Tloc           N/A          100%        2    ###....
 Call Imp                 Summ           #.......     100%        2    ###....
 Corpse Rot               Necr           N/A          100%        2    ###....
 Ensorcelled Hibernation  Hex/Ice        #.....       100%        2    ###....
 Passwall                 Tmut/Erth      #.......     100%        2    ###....
 Shroud of Golubria       Chrm/Tloc      #.....       100%        2    ###....
 Slow                     Hex            #.......     100%        2    ###....
 Song of Slaying          Chrm           #.......     100%        2    ###....
 Sticks to Snakes         Tmut           #.......     100%        2    ###....
 Call Canine Familiar     Summ           #.......     100%        3    ####...
 Confuse                  Hex            #.......     100%        3    ####...
 Conjure Flame            Conj/Fire      #.......     100%        3    ####...
 Dazzling Spray           Conj/Hex       #.....       100%        3    ####...
 Gell's Gravitas          Tloc           #.........   100%        3    ####...
 Inner Flame              Hex/Fire       #.......     100%        3    ####...
 Lesser Beckoning         Tloc           #.........   100%        3    ####...
 Mephitic Cloud           Conj/Pois/Air  #.......     100%        3    ####...
 Portal Projectile        Hex/Tloc       #.....       100%        3    ####...
 Regeneration             Chrm/Necr      #.........   100%        3    ####...
 Spectral Weapon          Hex/Chrm       #.......     100%        3    ####...
 Spider Form              Tmut/Pois      #.........   100%        3    ####...
 Stone Arrow              Conj/Erth      #.....       100%        3    ####...
 Summon Guardian Golem    Hex/Summ       #.......     100%        3    ####...
 Tukima's Dance           Hex            #.......     100%        3    ####...
 Vampiric Draining        Necr           #.........   100%        3    ####...
 Animate Dead             Necr           N/A          100%        4    #####..
 Cause Fear               Hex            #.........   100%        4    #####..
 Ice Form                 Ice/Tmut       #.......     100%        4    #####..
 Leda's Liquefaction      Hex/Erth       #.........   100%        4    #####..
 Petrify                  Tmut/Erth      #.......     100%        4    #####..
 Summon Ice Beast         Ice/Summ       #.......     100%        4    #####..
 Summon Lightning Spire   Summ/Air       #.......     100%        4    #####..
 Alistair's Intoxication  Tmut/Pois      #.......     100%        5    ######.
 Blade Hands              Tmut           #.........   100%        5    ######.
 Bolt of Magma            Conj/Fire/Erth #.........   100%        5    ######.
 Lee's Rapid Deconstruct  Erth           #.........   100%        5    ######.
 Metabolic Englaciation   Hex/Ice        #.........   100%        5    ######.
 Summon Forest            Summ/Tloc      #.........   100%        5    ######.
 Yara's Violent Unravell  Hex/Tmut       #.........   100%        5    ######.
 Bolt of Fire             Conj/Fire      #.........   100%        6    #######
 Hydra Form               Tmut           #.........   100%        6    #######
 Invisibility             Hex            #.......     100%        6    #######
 Iron Shot                Conj/Erth      #.........   100%        6    #######
 Statue Form              Tmut/Erth      #........    100%        6    #######
 Dragon Form              Tmut           #.........   100%        7    #######
 Summon Hydra             Summ           #.........   100%        7    #######
 Dragon's Call            Summ           #.........   100%        9    #######
 Shatter                  Erth           #.........   100%        9    #######


Dungeon Overview and Level Annotations

Branches:
Dungeon (14/15)            Temple (0/1) D:6            Lair (6/6) D:10
  Swamp (4/4) Lair:4        Snake (4/4) Lair:3        Slime (0/5) Lair:5
    Orc (2/2) D:11            Elf (2/3) Orc:2
 Vaults: D:13-14

Altars:
Dithmenos
Elyvilon
Gozag
Hepliaklqana
Kikubaaqudgha
Makhleb
Okawaru
Qazlal
Ru
Sif Muna
Trog
Vehumet
Wu Jian
Xom
Zin
The Shining One
Beogh

Shops:
D:6 *:   D:7 =   Orc:2 =}%}   Snake:3 *


Innate Abilities, Weirdness & Mutations

[You often lose your temper in combat.]
[Your body sometimes deteriorates upon taking damage.]
[You are extremely frail. (-30% HP)]
[You occasionally shout uncontrollably at your foes.]
[You are weak. (Str -2)]
[Potions cannot restore your health.]
[Your spells are a little easier to cast, but a little less powerful.]


Message History

You assume a fearsome visage.
The worldbinder is unaffected.
The hell knight looks frightened! x3; The wretched star is unaffected. x2
The bone dragon is unaffected.
The small abomination is unaffected.
The dream sheep looks frightened!
The dream sheep bleats in terror.
The spiny frog looks frightened!
The dream sheep looks frightened!
A frightened dream sheep leaps away.
The large abomination is unaffected.
You block the large abomination's attack.
The hell knight casts a spell.
The hell knight blinks!
The wretched star pulses with an eldritch light!
Your system mostly rejects the healing effects of potions.
Your system completely rejects the healing effects of potions.
The bone dragon barely misses you. The bone dragon claws you!
The Shining One protects you from harm! You block the bone dragon's attack.
The hell knight casts a spell.
The hell knight blinks!
The bone dragon bites you!!
You die...

.. .. . . #..
.. # ..#.# .
##
#....#......#
.....# ######
#.
.x..Y##§§.##
# # ##. #.
####.pF#.## #
# ..
p#.xp§**#..#
#......D#
§#∩@D.#
.#..... #
#*#.#X#.#
#†.## x
#..##### #
....#.x..## .
_. .R. p. ...
### ...\ §##
. †. #│>## #
. .. *.X...
.##.#...#
.#.##..


You could see a bone dragon, 2 wretched stars, 2 hell knights, a large
abomination, a spiny frog (fleeing) and a small abomination.

Vanquished Creatures
  A bone dragon (Abyss:3)
  A tentacled monstrosity (Swamp:3)
  A deep elf blademaster (Elf:2)
  An Executioner (Abyss:3)
  5 thorn hunters
  Donald (Swamp:4)
  13 nagarajas
  A frost giant (IceCv)
  A cacodemon (Abyss:3)
  Louise (Snake:4)
  The ghost of petercordiaCSDC the Covert, a journeyman NaMo (Snake:2)
  Nessos (Lair:5)
  A lorocyproca (Abyss:3)
  The ghost of pentaxis93 the Thaumaturge, a journeyman DEFE of Sif Muna (Lair:6)
  Josephine (Swamp:1)
  A yaktaur captain (D:12)
  A deep elf high priest (D:12)
  14 naga warriors
  20 hydras
  A catoblepas (Lair:6)
  A peacekeeper (Elf:2)
  9 anacondas
  6 two-headed ogres
  2 centaur warriors
  A deep troll shaman (Lair:6)
  An ogre mage (Orc:1)
  3 shambling mangroves
  11 alligators
  A thrashing horror (Abyss:3)
  An orc high priest (Orc:2)
  2 tengu warriors (D:13)
  16 death yaks
  17 dancing weapons
  8 shock serpents
  Urug (Lair:6)
  4 spriggans
  6 naga sharpshooters
  11 deep elf knights
  3 hell knights (Abyss:3)
  A skeletal warrior (D:12)
  A salamander mystic (Snake:3)
  11 swamp dragons
  2 unseen horrors
  A spriggan druid (Swamp:2)
  8 sea snakes (Snake:4)
  6 deep elf archers
  4 naga ritualists
  A phantasmal warrior (D:12)
  7 mana vipers
  5 lindwurms
  25 deep elf magi
  7 ugly things
  An oklob plant (Lair:5)
  11 salamanders
  6 orc sorcerers
  3 cyclopes
  A manticore (D:12)
  An eye of devastation (Lair:5)
  35 black mambas
  6 elephants (Lair:6)
  14 naga magi
  An ice statue (IceCv)
  7 guardian serpents
  A gargoyle (D:10)
  6 spiny frogs
  3 smoke demons (Abyss:3)
  A freezing wraith (Abyss:3)
  2 rime drakes (Lair:6)
  An efreet (D:12)
  8 komodo dragons
  5 trolls
  4 tyrant leeches
  A queen bee (shapeshifter) (Elf:1)
  17 polar bears
  32 blink frogs
  2 saltlings (Elf:2)
  9 hornets
  6 bog bodies
  7 hippogriffs
  17 slime creatures
  A meliai zombie (D:12)
  2 dream sheep (D:8)
  4 raiju (Abyss:3)
  2 air elementals (Elf:1)
  2 shadows
  6 wraiths
  A water elemental (Elf:1)
  52 yaks
  Sigmund (D:3)
  14 starcursed masses (Abyss:3)
  4 wyverns (D:10)
  4 basilisks
  A steam dragon (D:10)
  2 fire elementals (Elf:1)
  A human (shapeshifter) (Abyss:3)
  25 vampire mosquitoes
  A chaos spawn (Abyss:3)
  3 hungry ghosts
  5 insubstantial wisps
  19 swamp worms
  54 nagas
  5 acid dragons
  A warg (Orc:1)
  Duvessa (D:7)
  20 water moccasins
  23 swamp drakes
  30 orc warriors
  8 porcupines
  3 sky beasts
  4 ice beasts
  2 phantoms
  5 black bears
  An eye of draining (Lair:5)
  5 large abominations (Abyss:3)
  9 ogres
  2 necrophages
  3 small abominations (Abyss:3)
  19 wolves
  A centaur (D:7)
  10 crocodiles
  5 big kobolds
  Dowan (D:7)
  17 bullfrogs
  An earth elemental (Elf:2)
  5 scorpions
  4 killer bees (D:7)
  An electric eel (Lair:3)
  18 wights
  4 howler monkeys
  5 crimson imps
  4 centaur zombies
  4 bullfrog zombies
  5 centaur skeletons
  10 hounds
  13 jellies
  20 orc priests
  2 bullfrog skeletons
  51 orc wizards
  Crazy Yiuf (D:7)
  An iron imp (Abyss:3)
  Natasha (D:4)
  2 iguanas
  15 worker ants
  2 killer bee zombies (D:7)
  10 gnolls
  19 adders
  4 shadow imps
  A white imp (Abyss:3)
  14 oozes
  An adder skeleton (D:8)
  2 leopard geckos
  122 orcs
  5 bats
  6 giant cockroaches
  6 hobgoblins
  11 jackals
  7 kobolds
  6 quokkas
  3 ball pythons
  A ball python skeleton (D:4)
  4 frilled lizards
  10 goblins
  A jackal skeleton (D:8)
  A leopard gecko skeleton (D:7)
  2 quokka skeletons (D:5)
  A quokka zombie (D:6)
  4 rats
  2 briar patches (Swamp:1)
1250 creatures vanquished.

Vanquished Creatures (collateral kills)
  A ghost crab (Swamp:3)
  A mana viper (Snake:4)
  A naga mage (Snake:4)
  A spiny frog (Swamp:3)
  2 hornets (Swamp:2)
  2 slime creatures (D:12)
  A spriggan (Swamp:2)
  3 swamp worms (Swamp:3)
  An orc warrior (D:10)
  6 orcs (D:10)
19 creatures vanquished.

Vanquished Creatures (others)
  2 alligators
  A naga sharpshooter (Snake:2)
  A deep elf archer (Elf:1)
  A swamp worm (Swamp:3)
  A porcupine (Lair:5)
  4 wolves (IceCv)
  An orc priest (Orc:2)
  An orc wizard (Orc:2)
  9 fungi
  11 plants
  2 starspawn tentacles (Abyss:3)
34 creatures vanquished.

Grand Total: 1303 creatures vanquished

Notes
Turn   | Place    | Note
-------+----------+-------------------------------------------
     0 | D:1      | Krouwed the Human Fighter began the quest for the Orb.
     0 | D:1      | Reached XP level 1. HP: 18/18 MP: 1/1
    64 | D:1      | Reached XP level 2. HP: 17/24 MP: 2/2
   505 | D:1      | Reached XP level 3. HP: 25/29 MP: 3/3
   887 | D:2      | Found a hazy altar of Hepliaklqana.
  1426 | D:2      | Found a glowing golden altar of the Shining One.
  1454 | D:2      | Became a worshipper of the Shining One
  1480 | D:2      | Reached XP level 4. HP: 35/35 MP: 4/4
  1486 | D:2      | Found a radiant altar of Vehumet.
  1571 | D:2      | Found an ancient bone altar of Kikubaaqudgha.
  1658 | D:2      | Noticed an ice beast
  2317 | D:3      | Noticed Sigmund
  2334 | D:3      | The Shining One protects you from harm!
  2335 | D:3      | Killed Sigmund
  2335 | D:3      | Reached skill level 3 in Long Blades
  2335 | D:3      | Reached skill level 1 in Invocations
  2335 | D:3      | Reached XP level 5. HP: 10/42 MP: 4/6
  2335 | D:3      | Reached XP level 6. HP: 11/48 MP: 4/7
  2721 | D:3      | Found a shimmering altar of Xom.
  2990 | D:3      | Noticed a phantom
  3009 | D:3      | Found a stormy altar of Qazlal.
  3009 | D:3      | Found a white marble altar of Elyvilon.
  3039 | D:3      | Killed a phantom
  3667 | D:4      | Reached XP level 7. HP: 41/54 MP: 8/8
  3669 | D:4      | Noticed Natasha
  3675 | D:4      | Killed Natasha
  3873 | D:4      | Got a twisted mace
  3874 | D:4      | Identified the +7 mace "Gotasurgh" {crush, rElec} (You
                  | found it on level 4 of the Dungeon)
  3884 | D:4      | Found a burning altar of Makhleb.
  3973 | D:4      | Reached * piety under the Shining One
  3998 | D:4      | Reached skill level 4 in Long Blades
  4408 | D:5      | Entered Level 5 of the Dungeon
  4419 | D:5      | Reached XP level 8. HP: 60/61 MP: 10/10
  4474 | D:5      | Reached skill level 5 in Fighting
  4474 | D:5      | Reached skill level 5 in Armour
  4474 | D:5      | Reached skill level 5 in Shields
  5207 | D:5      | Reached skill level 5 in Long Blades
  5844 | D:5      | Reached ** piety under the Shining One
  6060 | D:6      | Found a staircase to the Ecumenical Temple.
  6094 | D:6      | Reached XP level 9. HP: 64/69 MP: 11/11
  6182 | D:6      | Found a shadowy altar of Dithmenos.
  6314 | D:6      | Found an opulent altar of Gozag.
  6316 | D:6      | Found Gozag's Platinum Reserve.
  6524 | D:6      | Reached skill level 6 in Long Blades
  6549 | D:6      | Found Jydux's Book Boutique.
  6945 | D:6      | Found a runed translucent door.
  7309 | D:6      | Found a roughly hewn altar of Beogh.
  7512 | D:7      | Reached skill level 7 in Long Blades
  7604 | D:7      | Noticed Duvessa
  7604 | D:7      | Noticed Dowan
  7632 | D:7      | Killed Duvessa
  7632 | D:7      | Reached XP level 10. HP: 68/76 MP: 10/12
  7644 | D:7      | Killed Dowan
  7669 | D:7      | Found Nudeaff's Jewellery Emporium.
  7899 | D:7      | Reached skill level 1 in Evocations
  7972 | D:7      | Found a runed translucent door.
  7973 | D:7      | Noticed Crazy Yiuf
  8403 | D:7      | Killed Crazy Yiuf
  8839 | D:8      | Found a sacrificial altar of Ru.
  9010 | D:8      | Reached skill level 8 in Long Blades
  9038 | D:8      | Found a glowing silver altar of Zin.
  9154 | D:8      | Found an ornate altar of the Wu Jian Council.
  9219 | D:8      | Found a stormy altar of Qazlal.
  9974 | D:8      | Noticed a two-headed hydra
  9998 | D:8      | Killed a two-headed hydra
  9998 | D:8      | Reached skill level 9 in Long Blades
  9998 | D:8      | Reached XP level 11. HP: 52/86 MP: 5/13
 10195 | D:9      | Found a bloodstained altar of Trog.
 10200 | D:9      | Noticed a two-headed ogre
 11507 | D:10     | Entered Level 10 of the Dungeon
 11660 | D:10     | HP: 1/86 [orc priest/divine providence (6)]
 12388 | D:10     | Reached skill level 10 in Long Blades
 12395 | D:10     | Noticed an unseen horror
 12409 | D:10     | Killed an unseen horror
 13529 | D:10     | Found a staircase to the Lair.
 13623 | D:11     | Noticed a two-headed ogre
 13635 | D:10     | Killed a two-headed ogre
 13800 | D:11     | Killed a two-headed ogre
 13800 | D:11     | Reached skill level 5 in Invocations
 13800 | D:11     | Reached XP level 12. HP: 53/94 MP: 7/15
 14103 | D:11     | Noticed a centaur warrior
 14137 | D:11     | Killed a centaur warrior
 14473 | D:11     | Reached skill level 11 in Long Blades
 14662 | D:11     | Reached *** piety under the Shining One
 14930 | D:11     | Found a staircase to the Orcish Mines.
 15410 | D:12     | Noticed a skeletal warrior
 15426 | D:12     | Killed a skeletal warrior
 15426 | D:12     | Reached XP level 13. HP: 56/102 MP: 10/17
 15739 | D:12     | Reached skill level 12 in Long Blades
 15868 | D:12     | Found a runed translucent door.
 15868 | D:12     | Noticed a deep elf high priest
 15869 | D:12     | Noticed a yaktaur captain
 16071 | D:12     | Reached skill level 10 in Armour
 16102 | D:12     | Reached skill level 10 in Fighting
 16109 | D:12     | Reached **** piety under the Shining One
 16132 | D:12     | Reached skill level 10 in Shields
 17238 | D:13     | Noticed an eight-headed hydra
 17258 | D:13     | Killed an eight-headed hydra
 17400 | D:13     | Got a smoking lead ring
 17401 | D:13     | Identified the ring of Zecuuma {rN+++ SInv} (You found it
                  | on level 13 of the Dungeon)
 17406 | D:13     | Got a twitching golden ring
 17424 | D:13     | Identified the ring "Povog" {rN+ Stlth-} (You found it on
                  | level 13 of the Dungeon)
 17461 | D:13     | Noticed a centaur warrior
 17486 | D:13     | Killed a centaur warrior
 17585 | Orc:1    | Entered Level 1 of the Orcish Mines
 17798 | Orc:1    | Reached skill level 13 in Long Blades
 18445 | Orc:1    | Reached XP level 14. HP: 111/111 MP: 19/19
 18652 | Orc:2    | Entered Level 2 of the Orcish Mines
 18652 | Orc:2    | Found a staircase to the Elven Halls.
 19000 | Orc:1    | Paralysed by an orc sorcerer for 6 turns
 19012 | Orc:1    | Reached skill level 1 in Dodging
 19768 | Orc:2    | Paralysed by an orc sorcerer for 3 turns
 20317 | Orc:2    | Found Ympiluo's Jewellery Shoppe.
 20317 | Orc:2    | Found Egouss's Gadget Emporium.
 20317 | Orc:2    | Found Nuitemuf's Food Emporium.
 20320 | Orc:2    | Found Apeoroj's Gadget Shoppe.
 20323 | Orc:2    | Bought an uncursed ring of poison resistance for 240 gold
                  | pieces
 20324 | Orc:2    | Bought a wand of iceblast (6) for 160 gold pieces
 20674 | Lair:1   | Entered Level 1 of the Lair of Beasts
 22503 | Lair:3   | Found a frozen archway.
 22519 | IceCv    | Entered an ice cave
 22532 | IceCv    | Reached skill level 14 in Long Blades
 22859 | IceCv    | Noticed a frost giant
 22894 | IceCv    | Reached XP level 15. HP: 88/119 MP: 18/20
 22929 | IceCv    | Killed a frost giant
 22950 | IceCv    | Got a translucent great sword
 22970 | IceCv    | Identified the +6 great sword of Big Damage {slice, -Tele
                  | *Contam +Fly Dex+9} (You found it in an ice cave)
 23380 | Lair:3   | Reached skill level 5 in Dodging
 23477 | Lair:3   | Found a staircase to the Snake Pit.
 24134 | Lair:4   | Found a staircase to the Swamp.
 24671 | Lair:5   | You fall into a shaft and drop 1 floor!
 24671 | Lair:6   | Entered Level 6 of the Lair of Beasts
 24672 | Lair:6   | Noticed pentaxis93's ghost (journeyman DEFE)
 24673 | Lair:6   | Found a runed translucent door.
 24808 | Lair:5   | Found a staircase to the Slime Pits.
 25052 | Lair:5   | Found a gate leading to a gauntlet.
 25055 | Lair:5   | Noticed Nessos
 25097 | Lair:5   | Killed Nessos
 25715 | Lair:6   | Killed pentaxis93's ghost
 25800 | Lair:6   | Noticed Urug
 25821 | Lair:6   | Killed Urug
 26391 | Lair:6   | Got a steaming cloak
 26392 | Lair:6   | Identified the cursed -2 cloak of the Loofah {rCorr} (You
                  | found it on level 6 of the Lair of Beasts)
 26431 | Lair:6   | Reached XP level 16. HP: 112/128 MP: 18/21
 26838 | Lair:6   | Reached skill level 5 in Evocations
 27371 | Swamp:1  | Entered Level 1 of the Swamp
 27400 | Swamp:1  | Noticed Josephine
 27412 | Swamp:1  | Killed Josephine
 27778 | Swamp:1  | Found a radiant altar of Vehumet.
 27781 | Swamp:1  | Noticed a thorn hunter
 27797 | Swamp:1  | Killed a thorn hunter
 27934 | Swamp:1  | Got a scintillating tin ring
 27935 | Swamp:1  | Identified the ring "Vuykhaum" {rPois rF+ MR+ rCorr Stlth-}
                  | (You found it on level 1 of the Swamp)
 30234 | Swamp:3  | Got a dazzling war axe
 30235 | Swamp:3  | Identified the +10 war axe "Coreacez" {chop, Dex+5} (You
                  | found it on level 3 of the Swamp)
 30356 | Swamp:3  | Reached XP level 17. HP: 136/136 MP: 22/22
 30380 | Swamp:3  | Noticed a tentacled monstrosity
 30396 | Swamp:3  | Killed a tentacled monstrosity
 30468 | Swamp:4  | Entered Level 4 of the Swamp
 30468 | Swamp:4  | Noticed a thorn hunter
 30482 | Swamp:4  | Killed a thorn hunter
 30500 | Swamp:4  | Reached ***** piety under the Shining One
 30808 | Swamp:4  | Noticed a thorn hunter
 30833 | Swamp:3  | Killed a thorn hunter
 31227 | Swamp:4  | Noticed a thorn hunter
 31238 | Swamp:4  | The Shining One protects you from harm!
 31241 | Swamp:4  | Killed a thorn hunter
 31241 | Swamp:4  | Reached skill level 15 in Long Blades
 31257 | Swamp:4  | Noticed a thorn hunter
 31272 | Swamp:4  | Killed a thorn hunter
 31796 | Swamp:4  | Got a decaying rune of Zot
 31838 | Swamp:4  | Noticed Donald
 31866 | Swamp:4  | Killed Donald
 33063 | Snake:1  | Entered Level 1 of the Snake Pit
 33139 | Snake:1  | Reached XP level 18. HP: 136/145 MP: 25/25
 33204 | Snake:1  | Identified the +10 mace "Ojiumuos" {freeze, +Fly MR+ Str+3
                  | SInv}
 34197 | Snake:2  | Reached skill level 10 in Invocations
 35651 | Snake:2  | Found a runed translucent door.
 35652 | Snake:2  | Found a shimmering altar of Xom.
 35652 | Snake:2  | Noticed petercordiaCSDC's ghost (journeyman NaMo)
 35699 | Snake:2  | Killed petercordiaCSDC's ghost
 35730 | Snake:2  | Identified a scroll of acquirement
 35732 | Snake:2  | Got a dazzling ring mail
 35743 | Snake:2  | Identified the +0 ring mail of Hepliaklqana's Scorn {Int+3}
                  | (You acquired it on level 2 of the Snake Pit)
 36179 | Snake:3  | Found Gewo's General Store.
 37968 | Snake:4  | Entered Level 4 of the Snake Pit
 37979 | Snake:4  | Noticed Louise
 38497 | Snake:4  | Reached XP level 19. HP: 87/153 MP: 13/27
 39115 | Snake:4  | Reached skill level 16 in Long Blades
 39809 | Snake:4  | Reached skill level 15 in Armour
 40018 | Snake:4  | Got a serpentine rune of Zot
 40160 | Snake:4  | Found a shadowy altar of Dithmenos.
 40199 | Snake:4  | Reached skill level 15 in Shields
 40201 | Snake:4  | Reached skill level 15 in Fighting
 40937 | Snake:4  | Killed Louise
 41642 | D:13     | Found an iron altar of Okawaru.
 42196 | Elf:1    | Entered Level 1 of the Elven Halls
 43585 | Elf:1    | Found a deep blue altar of Sif Muna.
 43861 | Elf:2    | Reached XP level 20. HP: 132/162 MP: 26/29
 44191 | Elf:2    | Found a ruined gateway.
 44324 | Elf:2    | Found a huge runed translucent gate.
 44324 | Elf:2    | Found a huge runed translucent gate.
 44324 | Elf:2    | Found a huge runed translucent gate.
 44325 | Elf:2    | Found a huge runed translucent gate.
 44326 | Elf:2    | Found a huge runed translucent gate.
 45156 | Elf:2    | Cast into level 3 of the Abyss (+1 halberd of distortion)
 45290 | Abyss:3  | Noticed a bone dragon
 45317 | Abyss:3  | Killed a bone dragon
 45320 | Abyss:3  | Found a corrupted altar of Lugonu.
 45379 | Abyss:3  | Found a corrupted altar of Lugonu.
 45573 | Abyss:3  | Noticed a bone dragon
 45587 | Abyss:3  | Found a corrupted altar of Lugonu.
 45620 | Abyss:3  | The Shining One protects you from harm!
 45621 | Abyss:3  | Mangled by a bone dragon

Levels and vault maps discovered:
D:1:      scummos_arrival_star, layout_loops_corners, item_on_display_a
D:2:      layout_loops_corners, tso_metal_star, kiku_gazebo_garden_becter,
          old_standard_altar, fiery_altar_vehumet
D:3:      layout_basic, overflow_temple_1_default,
          gammafunk_temple_overflow_wave, first_ration, uniq_sigmund
D:4:      layout_rooms, kennysheep_little_box, uniq_natasha
D:5:      layout_basic, serial_park_tiny_1
D:6:      layout_loops_corners, nicolae_gozag_zags_fifth_avenue,
          nicolae_dithmenos_the_darkroom, minmay_temple_entry_gardened_gates,
          serial_shops, shop, lightli_church_of_beogh
D:7:      layout_gridville, serial_shops, shop, uniq_crazy_yiuf_cottage,
          uniq_duvessa
D:8:      layout_gridville, zin_academy, marbit_many_paths, basic_altar,
          hangedman_ranch [blue_anna_fruit_fields], grunt_qazlal_sundering
D:9:      layout_grid_maze, dk_noncrumbling_3, trog_three_pillars_becter
D:10:     layout_loops_ring, erik_lair_dragon, serial_glass, glass_columns_c,
          glass_columns_a, special_room [special_room_orc]
D:11:     layout_roguey, david_orc_4
D:12:     minmay_imperfect_grid, layout_irregular_city, kennysheep_treasure_room
D:13:     layout_grid_maze, roderic_lattice_a, grunt_ministairs_2,
          okawaru_ov_weapons_minmay
D:14:     layout_basic, ximxim_vaults_locker_room, hex_tiny
Lair:1:   layout_chaotic_city, minmay_hedge_maze, guppyfry_lair_drakes,
          infiniplex_staircase_pool
Lair:2:   layout_chaotic_city, pond
Lair:3:   layout_chaotic_city, minmay_snake_entry_six_corridors,
          portal_ice_cave_entry_pillars_2, ldierk_geyser, serial_bayou_shore_a
Lair:4:   layout_loops_ring, swamp_mist
Lair:5:   lemuel_slime, layout_regular_city, minmay_slime_entry_eyes,
          gauntlet_entry_generic, chequers_serial_rivers_micro_d,
          serial_bayou_shore_b, lemuel_fruit_fields, uniq_nessos
Lair:6:   grunt_lair_end_beastmaster, layout_cave_pods,
          hellmonk_ghost_happy_afterlife, uniq_urug
Swamp:1:  layout_basic_swamp, lemuel_altar_in_water, uniq_josephine
Swamp:2:  layout_falls_marsh, evilmike_swamp_ruin_house_1
Swamp:3:  layout_falls_marsh, evilmike_swamp_ruin_rubble_1, swamp_pool2
Swamp:4:  swamp_alternative, layout_basic_swamp, swamp_pool2, uniq_donald
Snake:1:  layout_rooms, serial_bayou_shore_b
Snake:2:  layout_onion_interference, ebering_ghost_xom
Snake:3:  layout_cave_town, serial_shops, nicolae_shop_window_shopping
Snake:4:  grunt_snake_rune_pools, layout_gridlike, basic_altar, uniq_louise
Orc:1:    layout_caves
Orc:2:    st_orc_mages, layout_caves, lightli_orcish_oven
Elf:1:    layout_loops_corners, basic_altar, evilmike_minifort
Elf:2:    layout_gridlike, portal_desolation_entry_salt, serial_sigils,
          serial_sigils_hangedman_gnaw, serial_sigils_hangedman_quiver,
          serial_sigils_hangedman_carve, serial_sigils_hangedman_gut,
          serial_sigils_hangedman_writhe
Abyss:3:  evilmike_abyss_exit_16, hangedman_classic_abyss_death,
          grunt_abyss_rune_wretched_hive, bh_abyss_exit_choice

Skill      XL: |  1  2  3  4  5  6  7  8  9 10 11 12 13 14 15 16 17 18 19 |
---------------+----------------------------------------------------------+-----
Long Blades    | 3 4 5 7 9 10 11 13 14 15 16 | 16.3
Invocations    | 1 2 3 5 6 7 9 10 12 | 12.9
Fighting       | 4 5 6 7 8 9 10 11 12 13 14 15 | 15.7
Armour         | 4 5 6 7 8 9 10 11 12 13 14 15 | 15.8
Shields        | 4 5 6 7 8 9 10 11 12 13 14 15 | 15.7
Evocations     | 2 4 6 |  6.1
Dodging        | 4 6 7 |  7.0

Action                   |  1- 3 |  4- 6 |  7- 9 | 10-12 | 13-15 | 16-18 | 19-21 || total
-------------------------+-------+-------+-------+-------+-------+-------+-------++-------
Melee: Long sword        |   113 |   112 |   452 |   423 |       |       |   351 ||  1451
       Flail             |       |       |       |     7 |     5 |       |       ||    12
       Scimitar          |       |       |       |   631 |  1476 |  1408 |   647 ||  4162
Throw: Boomerang         |       |       |    34 |    13 |       |       |       ||    47
       Dart              |       |       |       |       |     3 |    41 |    27 ||    71
Invok: Divine Shield     |       |       |     3 |    18 |    28 |    34 |    15 ||    98
       Cleansing Flame   |       |       |       |       |     1 |     4 |     9 ||    14
Evoke: Wand              |       |       |     1 |    10 |     3 |     3 |     9 ||    26
       Phial of floods   |       |       |       |     1 |     1 |       |     2 ||     4
       Phantom mirror    |       |       |       |       |       |     1 |       ||     1
  Use: Potion            |       |     1 |     2 |     8 |     8 |    11 |     3 ||    33
       Scroll            |       |     5 |     3 |    11 |    21 |    26 |     6 ||    72
  Eat: Chunk             |     2 |     7 |    18 |    21 |    28 |    11 |     9 ||    96
       Ration            |       |       |       |     4 |     3 |    10 |     5 ||    22
Armor: Scale mail        |    60 |    37 |    89 |       |       |       |       ||   186
       Chain mail        |       |       |    47 |   178 |       |       |       ||   225
       Plate armour      |       |       |       |   206 |   557 |   423 |   268 ||  1454
Dodge: Dodged            |    37 |    28 |    70 |   106 |   175 |   240 |   145 ||   801
Block: Shield            |    67 |    56 |   126 |       |       |       |       ||   249
       Large shield      |       |       |   174 |   952 |  1567 |  1703 |   975 ||  5371
       Rpst.: Long sword |    16 |     6 |    28 |    14 |       |       |    11 ||    75
       Scimitar          |       |       |       |    12 |    35 |    48 |    19 ||   114

Table legend:
 A = Non-vault XP
 B = Vault XP
 C = Vault XP percentage of total XP
 D = Non-vault monster count
 E = Vault monster count
 F = Vault count percentage of total count
                 A         B        C        D         E       F
            +---------+---------+-------+---------+---------+-------
      Total |  244443 |  138709 |  36.2 |     869 |     404 |  31.7
            +---------+---------+-------+---------+---------+-------
        D:1 |      39 |       0 |   0.0 |      23 |       0 |   0.0
        D:2 |      41 |       0 |   0.0 |      15 |       0 |   0.0
        D:3 |     205 |     208 |  50.4 |      18 |       1 |   5.3
        D:4 |     600 |      35 |   5.5 |      17 |       1 |   5.6
        D:5 |     800 |       0 |   0.0 |      21 |       0 |   0.0
        D:6 |    1004 |     221 |  18.0 |      25 |      25 |  50.0
        D:7 |    1046 |     275 |  20.8 |      27 |       3 |  10.0
        D:8 |    1618 |    2206 |  57.7 |      31 |       8 |  20.5
        D:9 |     859 |       0 |   0.0 |      16 |       0 |   0.0
       D:10 |    4409 |    1768 |  28.6 |      28 |      30 |  51.7
       D:11 |    6621 |     600 |   8.3 |      30 |      16 |  34.8
       D:12 |    8166 |    6667 |  44.9 |      55 |      28 |  33.7
       D:13 |    5297 |    2617 |  33.1 |      25 |       3 |  10.7
     Lair:1 |    3432 |     262 |   7.1 |      13 |       2 |  13.3
     Lair:2 |    5388 |     752 |  12.2 |      20 |       6 |  23.1
     Lair:3 |    3239 |    1926 |  37.3 |      19 |      15 |  44.1
     Lair:4 |    1186 |       0 |   0.0 |       7 |       0 |   0.0
     Lair:5 |    8034 |    2964 |  27.0 |      34 |      26 |  43.3
     Lair:6 |   13860 |   12162 |  46.7 |      34 |      21 |  38.2
    Swamp:1 |   11657 |    1726 |  12.9 |      28 |       4 |  12.5
    Swamp:2 |   13699 |       0 |   0.0 |      44 |       0 |   0.0
    Swamp:3 |   10014 |    2180 |  17.9 |      25 |       1 |   3.8
    Swamp:4 |   23586 |   18449 |  43.9 |      40 |      28 |  41.2
    Snake:1 |   16083 |       0 |   0.0 |      31 |       0 |   0.0
    Snake:2 |   19328 |    2240 |  10.4 |      32 |       2 |   5.9
    Snake:3 |   20866 |       0 |   0.0 |      40 |       0 |   0.0
    Snake:4 |   14618 |   40773 |  73.6 |      28 |      59 |  67.8
      Orc:1 |    6610 |    3570 |  35.1 |      49 |      37 |  43.0
      Orc:2 |     710 |    1575 |  68.9 |       8 |      16 |  66.7
      Elf:1 |   11632 |       0 |   0.0 |      23 |       0 |   0.0
      Elf:2 |   12925 |   22161 |  63.2 |      21 |      27 |  56.2
    Abyss:3 |   16871 |      91 |   0.5 |      42 |       2 |   4.5
      IceCv |       0 |   13281 | 100.0 |       0 |      43 | 100.0
            +---------+---------+-------+---------+---------+-------
